 Dungeon Crawl Stone Soup version 0.30-a0-622-gddc90eaa04 (webtiles) character file.

Game seed: 12512915066044437091

6 BigDaddyOpFi the Covered (level 1, -2/19 HPs)
             Began as an Armataur Fighter on Jan 10, 2023.
             Slain by a quokka (3 damage)
             ... on level 1 of the Dungeon.
             The game lasted 00:00:31 (129 turns).

BigDaddyOpFi the Covered (Armataur Fighter)          Turns: 129, Time: 00:00:31

Health: -2/19      AC:  7    Str: 21    XL:     1   Next: 75%
Magic:  1/1        EV:  7    Int:  8    God:
Gold:   4          SH:  4    Dex:  9    Spells: 0/0 levels left

rFire   . . .      SeeInvis .    a - +0 war axe
rCold   . . .      Faith    .    c - +0 buckler
rNeg    . . .      Spirit   .    b - +0 scale mail
rPois   .          Reflect  .    (no helmet)
rElec   .          Harm     .    (no cloak)
rCorr   .          Roll     +    (no gloves)
Will    .....                    (no barding) Stlth
                                 (no amulet)
HPRegen 0.23/turn                (no ring)
MPRegen 0.07/turn                (no ring)

@: mighty
A: large, rugged brown scales 3, deformed body, armoured tail, roll, long
tongue, awkward tongue
a: no special abilities


You were on level 1 of the Dungeon.
You visited 1 branch of the dungeon, and saw 1 of its levels.

You collected 4 gold pieces.

Inventory:

Hand Weapons
 a - a +0 war axe (weapon)
Armour
 b - a +0 scale mail (worn)
 c - a +0 buckler (worn)


   Skills:
 + Level 2.8 Fighting
 + Level 1.7 Axes
 + Level 3.7 Armour
 + Level 3.4 Shields


You couldn't memorise any spells.
You didn't know any spells.
Your spell library was empty.

Dungeon Overview and Level Annotations

Branches:
Dungeon (1/15)

Altars:


Innate Abilities, Weirdness & Mutations

You are completely covered in rugged brown scales. (AC +3, +7% HP)
Armour fits poorly on your strangely shaped body.
You have a long armoured tail.
You roll when moving toward enemies. (Rampage)
Your long tongue fully drains potion bottles. (2x potion effects)
Your tongue gives you trouble enunciating. (1.5x scroll delay)


Message History

You closely miss the quokka. The goblin hits you but does no damage.
A goblin comes into view. It is wielding a +0 club.
The quokka bites you but does no damage.
The goblin hits you but does no damage.
The goblin moves out of view.
You closely miss the goblin.
The goblin is heavily wounded.
You hit the quokka. The quokka bites you. The goblin hits you with a +0 club.
The quokka bites you.
You closely miss the goblin.
The goblin is heavily wounded.
You miss the quokka. The quokka completely misses you.
The goblin hits you with a +0 club. The quokka bites you.
You block the goblin's attack.
You are too injured to fight recklessly!
You are too injured to fight recklessly!
You are too injured to fight recklessly!
You are too injured to fight recklessly!
You are too injured to fight recklessly!
You are too injured to fight recklessly!
You are too injured to fight recklessly!
You are too injured to fight recklessly!
You are too injured to fight recklessly!
You are too injured to fight recklessly!
You are too injured to fight recklessly!
You are too injured to fight recklessly!
You closely miss the goblin.
The goblin is heavily wounded.
You closely miss the quokka. The quokka bites you.
* * * LOW HITPOINT WARNING * * *
The goblin hits you but does no damage.
The quokka bites you but does no damage.
You slurp down every last drop of the potion of might!
You feel very mighty all of a sudden. The goblin hits you with a +0 club.
* * * LOW HITPOINT WARNING * * *
The quokka barely misses you.
You slash the goblin!
You kill the goblin!
You closely miss the quokka. The quokka bites you.
You die...

#### .....
##########
.....##........#
...............
...............
......)....#########
......)@...........#
......r............#
...................#
...................#
...................#
.>.................#
............########
..##......).#
#........#


You could see a quokka.

Vanquished Creatures
  A ball python (D:1)
  An endoplasm (D:1)
  2 goblins (D:1)
  A kobold (D:1)
  A rat (D:1)
6 creatures vanquished.

Notes
Turn   | Place    | Note
-------+----------+-------------------------------------------
     0 | D:1      | BigDaddyOpFi the Armataur Fighter began the quest for the
                  | Orb.
     0 | D:1      | Reached XP level 1. HP: 19/19 MP: 1/1
     6 | D:1      | Noticed a black mamba
     6 | D:1      | Noticed a hound
     6 | D:1      | Noticed a snapping turtle
     7 | D:1      | Noticed a wyvern
     7 | D:1      | Noticed a black bear
    36 | D:1      | Found a faded altar of an unknown god.
   129 | D:1      | Slain by a quokka

Illustrated notes

Levels and vault maps discovered:
D:1:      onia_arrival_zoo_common, layout_basic, ebering_ecumenical_altar_mist,
          chequers_arboretum, minmay_tall_x

Action                   || total
-------------------------++-------
Melee: War axe           ||    15
       Tailslap          ||     1
  Use: Potion            ||     1
Armor: Scale mail        ||    12
Dodge: Dodged            ||     5
Block: Buckler           ||     9

Table legend: (Time is in decaauts)
 A = Elapsed time spent in this place.
 B = Non-inter-level travel time spent in this place.
 C = Inter-level travel time spent in this place.
 D = Time resting spent in this place.
 E = Time spent auto-exploring this place.
 F = Levels seen in this place.
 G = Mean time per level.
                   A        B        C        D        E       F      G
               +--------+--------+--------+--------+--------+-----+--------+
         Total |    135 |    135 |      0 |      0 |     99 |   1 |  135.0 |
       Dungeon |    135 |    135 |      0 |      0 |     99 |   1 |  135.0 |
               +--------+--------+--------+--------+--------+-----+--------+

Top non-repeatable levels by time:
     D:1: 135 daAuts
